 Dungeon Crawl Stone Soup version 0.28-a0-465-ge2dae52223 (webtiles) character file.

Game seed: 2708683317262694244

161 Spaninq the Twirler (level 5, 0/46 HPs)
             Began as a Minotaur Gladiator on Sept 14, 2021.
             Was an Initiate of Okawaru.
             Slain by a lemure (4 damage)
             ... led by Pikel
             ... on level 4 of the Dungeon.
             The game lasted 00:05:48 (3646 turns).

Spaninq the Twirler (Minotaur Gladiator)            Turns: 3646, Time: 00:05:48

Health: 0/46       AC: 11    Str: 20    XL:     5   Next: 19%
Magic:  4/4        EV:  6    Int:  5    God:    Okawaru [......]
Gold:   166        SH:  0    Dex: 11    Spells: 4/4 levels left

rFire   + . .      SeeInvis .   a - +0 quarterstaff
rCold   . . .      Faith    .   (shield currently unavailable)
rNeg    . . .      Spirit   .   m - +0 plate armour
rPois   .          Reflect  .   c - +0 hat
rElec   .          Harm     .   (no cloak)
rCorr   .          Rampage  .   (no gloves)
Will    .....                   (no boots)
Stlth   ..........              (no amulet)
HPRegen 0.15/turn               (no ring)
MPRegen 0.09/turn               (no ring)

@: flying, very slightly contaminated, invisible
A: horns 2, retaliatory headbutt, fire resistance 1
a: Renounce Religion


You were on level 4 of the Dungeon.
You worshipped Okawaru.
Okawaru was noncommittal.
You visited 1 branch of the dungeon, and saw 4 of its levels.

You collected 166 gold pieces.

Inventory:

Hand Weapons
 a - a +0 quarterstaff (weapon)
Missiles
 d - 3 throwing nets (quivered)
Armour
 c - a +0 hat (worn)
 m - a +0 plate armour (worn)
Wands
 b - a wand of paralysis (7)
Scrolls
 f - 2 scrolls of enchant armour {unknown}
 l - a scroll of enchant weapon {unknown}
Potions
 e - a potion of heal wounds {unknown}
 g - a potion of flight
 i - 2 potions of invisibility
 j - 3 potions of curing
 k - a potion of lignification {unknown}


   Skills:
 + Level 3.7 Fighting
 * Level 5.5 Staves
 - Level 2.0 Throwing
 + Level 2.6 Armour
 - Level 3.2 Dodging
 + Level 1.1 Invocations


You had 4 spell levels left.
You didn't know any spells.
Your spell library contained the following spells:

 Spells                   Type           Power      Damage    Failure   Level
 Slow                     Hex            0%         N/A       100%        2
 Confusing Touch          Hex            0%         N/A       100%        3
 Yara's Violent Unravell  Hex/Tmut       0%         3d3       100%        5


Dungeon Overview and Level Annotations

Branches:
Dungeon (4/15)
 Temple: D:4-7

Altars:
Ashenzari
Okawaru
Ru
Uskayaw
Xom

Shops:
D:4 *

Annotations:
D:4 Eustachio, Pikel


Innate Abilities, Weirdness & Mutations

You have a pair of horns on your head.
You reflexively headbutt those who attack you in melee.
Your flesh is heat resistant. (rF+)


Message History

Pikel hits you with a +1 whip of flaming.
The lemure hits you.
You closely miss Pikel.
Pikel is moderately wounded.
The lemure hits you but does no damage.
You hit the lemure but do no damage.
You headbutt the lemure, but do no damage.
The lemure hits you. The lemure completely misses you. You furiously retaliate!
You headbutt the lemure. You closely miss the lemure.
The lemure is lightly wounded.
The lemure hits you but does no damage.
You hit the lemure. Your headbutt misses the lemure.
The lemure is moderately wounded.
The lemure barely misses you.
You hit Pikel.
Pikel is heavily wounded.
Pikel hits you with a +1 whip of flaming.
The lemure hits you but does no damage.
You strike the helpless Pikel from behind!
You hit Pikel but do no damage. Your headbutt misses Pikel.
Pikel is heavily wounded.
Pikel barely misses you. You furiously retaliate!
You headbutt Pikel! The lemure hits you.
You closely miss Pikel. Your headbutt misses Pikel.
Pikel is heavily wounded.
Pikel hits you with a +1 whip of flaming.
The lemure hits you.
* * * LOW HITPOINT WARNING * * *
You hit Pikel but do no damage.
Pikel is heavily wounded.
Pikel hits you with a +1 whip of flaming.
* * * LOW HITPOINT WARNING * * *
The lemure hits you but does no damage.
You hit Pikel but do no damage.
Pikel is heavily wounded.
Pikel hits you with a +1 whip of flaming.
* * * LOW HITPOINT WARNING * * *
The lemure hits you.
You die...

.# #.####.###..###...## .#
...#...#.5).#####.
.#######.###.#.##.......
.............).# #5....#
.#######.###5### #..###
.###.......#.# .##
.##......#.#.# # #######
.##.##...#.#)######.#####.<.5.#
#.###....#.)5K@5.......####.#
#......############### ######.#
#.###### #....)<# ########


You could see Pikel and 2 lemures.

Vanquished Creatures
  2 lemures
  An orc wizard (D:3)
  A hound skeleton (D:4)
  5 adders
  A worm (D:3)
  A dart slug (D:4)
  8 orcs
  6 ball pythons
  6 bats
  5 endoplasms
  7 goblins
  8 hobgoblins
  2 jackals (D:4)
  5 quokkas
  3 frilled lizards
  4 kobolds
  3 rats
68 creatures vanquished.

Vanquished Creatures (others)
  4 fungi (D:3)
  6 plants (D:3)
10 creatures vanquished.

Grand Total: 78 creatures vanquished

Notes
Turn   | Place    | Note
-------+----------+-------------------------------------------
     0 | D:1      | Spaninq the Minotaur Gladiator began the quest for the Orb.
     0 | D:1      | Reached XP level 1. HP: 18/18 MP: 0/0
    97 | D:1      | Reached skill level 4 in Staves
   100 | D:1      | Reached XP level 2. HP: 25/25 MP: 1/1
   165 | D:1      | Reached skill level 1 in Armour
   973 | D:2      | Reached XP level 3. HP: 28/31 MP: 2/2
  1243 | D:2      | Found an iron altar of Okawaru.
  1251 | D:2      | Became a worshipper of Warmaster Okawaru
  2038 | D:3      | Reached XP level 4. HP: 38/38 MP: 3/3
  2271 | D:3      | Reached skill level 5 in Staves
  2287 | D:3      | Found a sacrificial altar of Ru.
  2454 | D:3      | Found a shimmering altar of Xom.
  2632 | D:3      | Found a faded altar of an unknown god.
  3200 | D:3      | Found a hide-covered altar of Uskayaw.
  3325 | D:4      | Found Daim's General Store.
  3347 | D:4      | Reached skill level 1 in Invocations
  3347 | D:4      | Reached XP level 5. HP: 45/45 MP: 4/4
  3365 | D:4      | Noticed Eustachio
  3416 | D:4      | Noticed a lemure
  3416 | D:4      | Noticed a lemure
  3429 | D:3      | Killed a lemure
  3563 | D:4      | Noticed a lemure
  3574 | D:4      | Killed a lemure
  3593 | D:4      | Found a broken altar of Ashenzari.
  3605 | D:4      | Noticed Pikel
  3611 | D:4      | Noticed a lemure
  3637 | D:4      | Gained mutation: Your flesh is heat resistant. (rF+)
                  | [potion of mutation]
  3646 | D:4      | Slain by a lemure

Illustrated notes

Levels and vault maps discovered:
D:1:      eino_arrival_water_cross, layout_basic, minmay_hexomino_f4
D:2:      layout_basic, basic_altar, grunt_decor_cap
D:3:      layout_basic, overflow_temple_1_default,
          eat_drink_and_be_merry_uskayaw, lemuel_tele_altar,
          shapermc_ecumenical_altar_mp_urbaneastern
D:4:      layout_basic, nicolae_ashenzari_skybound, bloody_makhleb,
          serial_shops, shop, uniq_grinder, uniq_robin, uniq_eustachio,
          uniq_pikel

Skill      XL: |  1  2  3  4 |
---------------+-------------+-----
Staves         | 4 5 |  5.5
Armour         | 1 2 |  2.6
Fighting       | 3 |  3.7
Invocations    | 1 |  1.1
Throwing       | |  2.0
Dodging        | |  3.2

Action                   |  1- 3 |  4- 6 || total
-------------------------+-------+-------++-------
Melee: Quarterstaff      |    59 |    95 ||   154
       Headbutt          |     8 |    15 ||    23
  Use: Potion            |       |     4 ||     4
 Stab: Invisible         |       |     1 ||     1
Armor: Leather armour    |    15 |       ||    15
       Plate armour      |       |    38 ||    38
       Ring mail         |       |     5 ||     5
Dodge: Dodged            |    31 |    31 ||    62

Table legend: (Time is in decaauts)
 A = Elapsed time spent in this place.
 B = Non-inter-level travel time spent in this place.
 C = Inter-level travel time spent in this place.
 D = Time resting spent in this place.
 E = Time spent auto-exploring this place.
 F = Levels seen in this place.
 G = Mean time per level.
                   A        B        C        D        E       F      G
               +--------+--------+--------+--------+--------+-----+--------+
         Total |   3658 |   3352 |    306 |    268 |   2520 |   4 |  914.5 |
       Dungeon |   3658 |   3352 |    306 |    268 |   2520 |   4 |  914.5 |
               +--------+--------+--------+--------+--------+-----+--------+

Top non-repeatable levels by time:
     D:2: 1188 daAuts
     D:3: 1182 daAuts
     D:1: 1006 daAuts
     D:4: 281 daAuts
